 Dungeon Crawl Stone Soup version 0.27-a0-1278-g6cbc8dfb29 (webtiles) character file.

Game seed: 16067966947191779512

284 freelancePsychic the Changer (level 6, -1/47 HPs)
             Began as a Draconian Transmuter on June 12, 2021.
             Slain by a bullfrog (5 damage)
             ... in a sewer.
             The game lasted 00:09:43 (4129 turns).

freelancePsychic the Changer (Draconian Transmuter) Turns: 4129, Time: 00:09:43

Health: -1/47      AC:  7    Str: 13    XL:     6   Next: 7%
Magic:  7/9        EV: 12    Int: 15    God:
Gold:   23         SH:  0    Dex: 11    Spells: 4/10 levels left

rFire    . . .     SeeInvis .     - Unarmed
rCold    . . .     Faith    .   (no shield)
rNeg     . . .     Spirit   .   (armour unavailable)
rPois    .         Reflect  .   (helmet currently unavailable)
rElec    .         Harm     .   h - +0 cloak
rCorr    .         Rampage  .   (no gloves)
Will     .....                  (boots currently unavailable)
Stlth    +.........             (no amulet)
HPRegen  0.15/turn              (no ring)
MPRegen  0.11/turn              (no ring)

@: appendages (expiring), wereblooded, hasted, slow
A: horns 2, talons 2, AC +6, unfitting armour, cold-blooded
a: End Transformation


You were in a sewer.
You had temporarily grown beastly horns and talons.
You visited 1 branch of the dungeon, and saw 3 of its levels.
You also visited: Sewer.

You collected 23 gold pieces.

Inventory:

Armour
 h - a +0 cloak (worn)
Jewellery
 c - a ring of ice
Scrolls
 j - a scroll of fog
Potions
 a - a potion of curing {unknown}
 b - a potion of mutation {unknown}
 d - a potion of haste {@q3}
 e - 2 potions of degeneration {unknown}
 f - a potion of invisibility {unknown}
 g - 2 potions of heal wounds {unknown}
 k - 3 potions of might {unknown}


   Skills:
 + Level 1.1 Fighting
 + Level 1.8 Dodging
 * Level 4.3 Unarmed Combat
 - Level 2.6 Spellcasting
 - Level 4.4 Transmutations
 - Level 2.3 Poison Magic


You had 4 spell levels left.
You knew the following spells:

 Your Spells              Type           Power      Damage    Failure   Level
a - Beastly Appendage     Tmut           30%        N/A       3%          1
b - Spider Form           Tmut/Pois      6%         N/A       16%         3
c - Wereblood             Tmut           15%        N/A       5%          2

Your spell library contained the following spells:

 Spells                   Type           Power      Damage    Failure   Level
 Ice Form                 Ice/Tmut       8%         N/A       63%         4


Dungeon Overview and Level Annotations

Branches:
Dungeon (3/15)              Sewer (1/1)

Altars:
Zin

Shops:
D:1 (?[   D:3 *


Innate Abilities, Weirdness & Mutations

You have temporarily grown beastly horns and talons.
Your plain brown scales are hard. (AC +6)
You cannot fit into any form of body armour.
You are cold-blooded and may be slowed by cold attacks.


Message History

The adder barely misses you. The adder bites you but does no damage.
The bullfrog misses you. The bullfrog hits you!
You hit the adder. Your kick misses the adder.
The adder is moderately wounded.
The adder bites you.
You are poisoned.
The adder poisons you! The bullfrog hits you.
The adder bites you but does no damage. The bullfrog hits you.
The bullfrog completely misses you. The adder bites you.
* * * LOW HITPOINT WARNING * * *
You feel yourself speed up.
You feel sick. The adder barely misses you.
The bullfrog barely misses you. x2; The adder bites you but does no damage.
The adder barely misses you. The bullfrog closely misses you.
The bullfrog closely misses you.
You see here a ball python corpse.
As you read the scroll of fear, it crumbles to dust.
You assume a fearsome visage.
The ball python looks frightened! x2
The adder looks frightened! x2; The frilled lizard looks frightened!
The bullfrog looks frightened!
The bullfrog resists with some effort.
You feel sick. The bullfrog hits you.
* * * LOW HITPOINT WARNING * * *
You miss the adder. Your kick misses the adder. Your headbutt misses the adder.
Your transformation is almost over.
You feel sick. The bullfrog barely misses you.
You enter the shallow water.
Moving in this stuff is going to be slow.
You feel sick. The bullfrog misses you.
You feel sick.
You are no longer poisoned.
The bullfrog hits you.
* * * LOW HITPOINT WARNING * * *
You closely miss the bullfrog. Your kick misses the bullfrog.
You tail-slap the bullfrog.
The bullfrog is lightly wounded.
Your unstable footing causes you to fumble your attack.
The bullfrog barely misses you.
You punch the bullfrog! You tail-slap the bullfrog.
The bullfrog is severely wounded.
The bullfrog hits you.
You die...

##......##'##......#
#S.....##..###...÷..
##.≈≈.###..# #...†÷.
#≈≈≈≈≈≈##### #≈≈≈≈≈≈
#≈≈≈≈≈≈# #≈≈≈≈≈≈
#≈≈≈≈≈≈# #≈≈≈≈≈≈
#≈≈≈≈≈≈# #÷≈÷≈≈≈
#≈≈≈≈≈≈# #≈÷≈≈≈≈
#≈≈@≈≈≈# ##.≈..#
#≈≈F≈≈≈# #≈.([.≈
#≈†≈≈≈≈# ##.≈≈.≈
#≈.†≈≈≈# #≈≈≈≈≈≈
#≈≈#≈≈≈# #≈≈≈≈≈≈
#≈≈≈≈≈≈# #≈≈≈≈≈≈
#≈≈≈≈≈≈# #≈≈≈≈≈≈
#≈≈≈≈≈≈# #≈≈≈≈≈≈
#≈l≈S≈F# #≈≈≈≈≈≈


You could see a bullfrog and an adder (fleeing).

Vanquished Creatures
  A jelly (D:2)
  A gnoll (D:2)
  9 adders
  7 river rats
  A worm (D:2)
  A dart slug (D:2)
  19 ball pythons
  6 endoplasms
  4 giant cockroaches
  2 goblins (D:1)
  6 hobgoblins
  3 jackals (D:1)
  5 quokkas
  6 bats
  4 frilled lizards
  5 kobolds
  27 rats
107 creatures vanquished.

Notes
Turn   | Place    | Note
-------+----------+-------------------------------------------
     0 | D:1      | freelancePsychic the Draconian Transmuter began the quest
                  | for the Orb.
     0 | D:1      | Reached XP level 1. HP: 16/16 MP: 3/3
   348 | D:1      | Reached XP level 2. HP: 14/23 MP: 3/5
   570 | D:1      | Found Xeden's Antique Weapon Shop.
   573 | D:1      | Found Aseykeir's Magic Scroll Boutique.
   666 | D:1      | Found Huutwaib's Armour Shop.
   876 | D:1      | Reached XP level 3. HP: 26/28 MP: 4/6
   951 | D:1      | Reached skill level 1 in Poison Magic
  1247 | D:1      | Learned a level 2 spell: Wereblood
  1251 | D:1      | Learned a level 3 spell: Spider Form
  1768 | D:2      | Reached XP level 4. HP: 34/35 MP: 5/7
  2659 | D:2      | Reached XP level 5. HP: 40/40 MP: 6/8
  2948 | D:3      | Found Zin's Purification Station.
  2948 | D:3      | Found a glowing silver altar of Zin.
  2965 | D:3      | Found a faded altar of an unknown god.
  3164 | D:3      | Found a glowing drain.
  3168 | Sewer    | Entered a sewer
  3785 | Sewer    | Reached XP level 6. HP: 43/47 MP: 1/9
  4129 | Sewer    | Slain by a bullfrog

Illustrated notes

Levels and vault maps discovered:
D:1:      minmay_arrival_shattered_statue, layout_basic, serial_shops, shop,
          shop, shop, st_stairs_1
D:2:      wad_crossroads, layout_basic, kennysheep_generic_room_11
D:3:      layout_loops_ring, zin_purify, okawaru_altar_gauntlet_db,
          gup_sewer_entry_spiral, hellmonk_ecumenical_altar_prayer_group,
          uniq_jessica
Sewer:    sewer_minmay_w

Skill      XL: |  1  2  3  4  5 |
---------------+----------------+-----
Poison Magic   | 1 2 |  2.3
Transmutations | 3 4 |  4.4
Unarmed Combat | 4 |  4.3
Fighting       | |  1.1
Dodging        | |  1.8
Spellcasting   | |  2.6

Action                   |  1- 3 |  4- 6 || total
-------------------------+-------+-------++-------
Melee: Unarmed           |   173 |   207 ||   380
       Kick              |    14 |    14 ||    28
       Headbutt          |    14 |     9 ||    23
       Tailslap          |     9 |    15 ||    24
       Punch             |     2 |     3 ||     5
 Cast: Beastly Appendage |    22 |    15 ||    37
       Wereblood         |     4 |     7 ||    11
       Spider Form       |       |     3 ||     3
  Use: Scroll            |       |     6 ||     6
       Potion            |       |     2 ||     2
Armor: Skin              |    63 |   102 ||   165
Dodge: Dodged            |   117 |   194 ||   311

Table legend: (Time is in decaauts)
 A = Elapsed time spent in this place.
 B = Non-inter-level travel time spent in this place.
 C = Inter-level travel time spent in this place.
 D = Time resting spent in this place.
 E = Time spent auto-exploring this place.
 F = Levels seen in this place.
 G = Mean time per level.
                   A        B        C        D        E       F      G
               +--------+--------+--------+--------+--------+-----+--------+
         Total |   4162 |   4078 |     84 |    645 |   2484 |   4 | 1040.5 |
       Dungeon |   3166 |   3082 |     84 |    224 |   2161 |   3 | 1055.3 |
         Sewer |    995 |    995 |      0 |    421 |    323 |   1 |  995.0 |
               +--------+--------+--------+--------+--------+-----+--------+

Top non-repeatable levels by time:
     D:2: 1481 daAuts
     D:1: 1262 daAuts
   Sewer: 995 daAuts
     D:3: 423 daAuts
